 Dungeon Crawl Stone Soup version 0.13-a0-1606-g53bcbbc (webtiles) character file.

124 Duskembrace the Insei (level 3, -5/28 HPs)
             Began as a Draconian Transmuter on June 14, 2013.
             Slain by Sigmund
             ... wielding a +0,+0 scythe
              (15 damage)
             ... on Level 2 of the Dungeon.
             The game lasted 00:06:35 (1324 turns).

Duskembrace the Insei (Draconian Transmuter)        Turns: 1324, Time: 00:06:35

HP  -5/28        AC  6     Str 12      XL: 3   Next: 25%
MP   3/4         EV 12     Int 13      God:
Gold 86          SH  0     Dex 12      Spells:  1 memorised,  5 levels left

Res.Fire  : x . .   See Invis. : .     - Unarmed
Res.Cold  : + . .   Warding    : .   (armour unavailable)
Life Prot.: . . .   Conserve   : .   (no shield)
Res.Poison: .       Res.Corr.  : .   (helmet restricted)
Res.Elec. : .       Clarity    : .   h - +0 cloak
Sust.Abil.: . .     Spirit.Shd : .   (no gloves)
Res.Mut.  : .       Stasis     : .   (no boots)
Res.Rott. : .       Flight     : .   (no amulet)
Saprovore : . . .                    (no ring)
                                     o - ring of ice

@: appendage, not resistant to hostile enchantments, unstealthy
A: unfitting armour, horns 2, AC +5
a: End Transformation


You were on level 2 of the Dungeon.
You were hungry.
You had grown temporary horns.
You visited 1 branch of the dungeon, and saw 2 of its levels.

You collected 66 gold pieces.

Inventory:

Missiles
 b - 34 arrows
Armour
 h - a +0 cloak (worn)
Comestibles
 a - 2 bread rations
 i - a rotting chunk of adder flesh
 l - an apricot
 p - a rambutan
Scrolls
 e - a scroll of identify {unknown}
 f - a scroll of curse jewellery {unknown}
 g - a scroll of random uselessness {unknown}
 n - a scroll of fear {unknown}
 s - a scroll of remove curse {unknown}
Jewellery
 o - a ring of ice (left hand)
Potions
 c - a potion of invisibility {unknown}
 j - a potion of magic {unknown}
 k - a potion of brilliance {unknown}
 m - a potion of heal wounds {unknown}
 q - a potion of curing {unknown}
 r - 2 potions of cure mutation {unknown}
Books
 d - a book of Changes

   Spells                             Type                      Level
   *Beastly Appendage                 Transmutation                1
   Sticks to Snakes                   Transmutation                2
   Spider Form                        Transmutation/Poison         3
   Ice Form                           Ice/Transmutation            4
   Blade Hands                        Transmutation                5


   Skills:
 + Level 1.2 Fighting
   Level 0.0 Short Blades
   Level 0.0 Long Blades
   Level 0.0 Axes
   Level 0.0 Maces & Flails
   Level 0.0 Polearms
   Level 0.0 Staves
   Level 0.0 Slings
   Level 0.0 Bows
   Level 0.0 Crossbows
 + Level 0.0 Throwing
   Level 0.0 Armour
 + Level 2.2 Dodging
 + Level 0.0 Stealth
   Level 0.0 Stabbing
   Level 0.0 Shields
 + Level 0.0 Traps
 + Level 3.5 Unarmed Combat
 + Level 2.3 Spellcasting
   Level 0.0 Conjurations
   Level 0.0 Hexes
   Level 0.0 Charms
   Level 0.0 Summonings
   Level 0.0 Necromancy
   Level 0.0 Translocations
 + Level 2.3 Transmutations
   Level 0.0 Fire Magic
   Level 0.0 Ice Magic
   Level 0.0 Air Magic
   Level 0.0 Earth Magic
   Level 0.0 Poison Magic
   Level 0.0 Invocations
   Level 0.0 Evocations


You had 5 spell levels left.
You knew the following spells:

 Your Spells              Type           Power        Failure   Level  Hunger
a - Beastly Appendage     Trmt           #.....       12%         1    #......


Dungeon Overview and Level Annotations

Branches:
Dungeon (2/27)

Altars:
Ashenzari
Kikubaaqudgha

Annotations
D:2 Sigmund


Innate Abilities, Weirdness & Mutations

Your plain brown scales are hard (AC +5).
Your body does not fit into most forms of armour.
Your cold-blooded metabolism reacts poorly to cold.
You have a pair of horns on your head.


Message History

The giant mite is lightly wounded.
The giant mite bites you.
You hit the giant mite.
You tail-slap the giant mite, but do no damage.
The giant mite is severely wounded.
The giant mite bites you.
Casting: Beastly Appendage
Confirm with . or Enter, or press ? or * to list all spells.
You grow a pair of large bovine horns.
The giant mite bites you.
You hit the giant mite.
You kill the giant mite!
The kobold throws a dart.
The dart hits you! The kobold misses you. It hits you.
You barely miss the kobold. The kobold closely misses you.
You closely miss the kobold. Your headbutt misses the kobold. It hits you.
The kobold closely misses you.
You closely miss the kobold. The kobold hits you but does no damage.
It hits you!
Ouch! That really hurt!
You die...

#.# ##...##
#.########.....#
#.#...........##
#####.......###..##
............###..###..
.#########..........
.#.......#..###..###
.##.._..##.....(.#
...........#####@#
........P..# #K#
.P.P###...## #.#
#..PP#..PP#


gr. #.P.P...P.# ... ##...P...... ..... ......##.## ...(. .#####. #.# ....... .
#.# ... You could see a hobgoblin, a kobold and a rat.

Vanquished Creatures
  An adder (D:2)
  A giant mite (D:2)
  2 giant geckos (D:1)
  A ball python (D:1)
  5 bats (D:1)
  A goblin (D:1)
  2 hobgoblins (D:1)
  A kobold (D:1)
  4 giant newts (D:1)
  3 rats
21 creatures vanquished.

Notes
Turn   | Place    | Note
--------------------------------------------------------------
     0 | D:1      | Duskembrace, the Draconian Transmuter, began the quest for the Orb.
     0 | D:1      | Reached XP level 1. HP: 16/16 MP: 1/1
   458 | D:1      | Reached XP level 2. HP: 18/23 MP: 0/3
  1008 | D:2      | Reached XP level 3. HP: 24/28 MP: 2/4
  1138 | D:2      | Found a shattered altar of Ashenzari.
  1292 | D:2      | Found an ancient bone altar of Kikubaaqudgha.
  1306 | D:2      | Noticed Sigmund
  1324 | D:2      | Slain by Sigmund

Action                   || total
-------------------------++-------
Melee: Unarmed           ||    78
 Cast: Beastly Appendage ||    12
